 Dungeon Sprint DCSS version bcrawl-1.12-10-g10a67aac0f (webtiles) character file.

Game seed: 7955184798368612121

12997 Groucho the Imperceptible (level 12, 72/72 HPs)
             Began as a Felid Berserker on June 13, 2019.
             Was a High Priest of Trog.
             Got out of the dungeon alive.
             The game lasted 00:24:21 (3789 turns).

Groucho the Imperceptible (Felid Berserker)         Turns: 3789, Time: 00:24:21

Health: 72/72      AC:  3    Str: 13    XL:     12   Next: 1%
Magic:  13/13      EV: 32    Int: 10    God:    Trog [*****.]
Gold:   2361       SH:  0    Dex: 19    Spells: 11/11 levels left
                                        Lives:  1   Deaths: 2

rFire    + . .     SeeInvis +     - Unarmed
rCold    + + .     Gourm    .   (shield unavailable)
rNeg     . . .     Faith    .   (armour unavailable)
rPois    .         Spirit   .   (helmet unavailable)
rElec    .         Reflect  .   l - scarf {repulsion}
rCorr    .         Harm     .   (gloves unavailable)
MR       +....     Rnd*Rage +   (boots unavailable) Stlth +++++++++.NoTele +
                                (no amulet)
HPRegen  0.22/turn              i - ring of protection from cold
MPRegen  0.13/turn              k - ring of fire

@: repel missiles, quick
A: very small, no armour, no weapons or thrown items, stealth, claws 1, fangs 3,
see invisible, berserk 1, carnivore, cold resistance 1, speed 1, shaggy fur 3,
slow metabolism 1, evolution 1, sharp paws
a: Berserk, Trog's Hand, Brothers in Arms, Renounce Religion


You escaped.
You worshipped Trog.
Trog was extremely pleased with you.
You were very full.

You visited 1 branch You collected 3090 gold pieces.
You spent 729 gold pieces at shops.

Inventory:

Armour
 l - a scarf of repulsion (worn)
Jewellery
 i - a ring of protection from cold (left paw)
 k - a ring of fire (right paw)
Wands
 h - a wand of polymorph (7)
Scrolls
 a - a scroll of brand weapon {unknown}
 b - a scroll of identify
 f - 3 scrolls of remove curse {unknown}
 m - a scroll of fear {unknown}
 o - a scroll of blinking
 p - a scroll of amnesia {unknown}
Potions
 d - a potion of haste
 e - 2 potions of magic
 g - 2 potions of curing
Comestibles
 j - 2 chunks of flesh
 n - a ration {!d}


   Skills:
 + Level 12.4 Fighting
 + Level 15.5 Dodging
 - Level 24.5 Stealth
 * Level 19.1 Unarmed Combat


You had 11 spell levels left.
You didn't know any spells.
Your spell library was empty.

Dungeon Overview and Level Annotations

Branches:
Dungeon (1/1)

Altars:
Cheibriados
Dithmenos
Elyvilon
Fedhas
Gozag
Hepliaklqana
Kikubaaqudgha
Lugonu
Makhleb
Nemelex Xobeh
Okawaru
Qazlal
Ru
Sif Muna
Trog
Uskayaw
Vehumet
Wu Jian
Xom
Yredelemnul
Zin
The Shining One
Jiyva

Shops:
D ?!?}?*(:==***[:([:![*}

Annotations:
D exclusion: oklob plant


Innate Abilities, Weirdness & Mutations

You cannot wear almost all types of armour.
You are incapable of wielding weapons or throwing items.
Your paws allow you to move quietly. (Stealth)
You have sharp claws.
You have razor-sharp teeth.
You have supernaturally acute eyesight. (SInv)
You are carnivorous and can eat meat at any time.
You cover ground quickly.
Your thick and shaggy fur keeps you warm. (AC +3, rC+)
You have a slow metabolism.
Your sharp claws are effective at attacking unaware monsters.
You tend to lose your temper in combat.
Your flesh is cold resistant. (rC+)
You evolve.


Message History

You feel less resistant to hostile enchantments.
There is an open door here.
Your two-headed ogre is no longer berserk.
There is an open door here.
You avoid triggering an arrow trap.
There is an arrow trap here.
There is an open door here.
There is an open door here.
Things that are here:
a +0 robe; a +0 scythe
There is an open door here.
You see here a +0 giant spiked club.
There is an open door here.
Items here: ( )) [ a +0 leather armour; 134 sling bullets; a +0 dagger of chaos a +0 hunting sling
There is an open door here.
There is a staircase leading out of the dungeon here.
Are you sure you want to leave the Dungeon?
This will make you lose the game!
You have escaped!

##################
#@.#..'..#.['..#O_
#..'[.#.)'..#..'^.
#..#####'#####'#__
#..####..#...#.###
#..#__####..##.#≈§
#..#_____##'#_.'≈≈
#⌠⌠#_.∩...'..._#§§
####_..__##_.#'##§
#_____###'#)#.§


There were no monsters in sight!

Vanquished Creatures
  A golden dragon (D)
  A shadow dragon (D)
  4 fire giants (D)
  A lorocyproca (D)
  2 centaur warriors (D)
  Sonja (D)
  A deep troll (D)
  7 unseen horrors (D)
  A lindwurm (D)
  An oklob plant (D)
  A shining eye (D)
  A merfolk siren (D)
  A gargoyle (D)
  A hellwing (D)
  4 demonic crawlers (D)
  2 kobold demonologists (D)
  2 hornets (D)
  A slime creature (D)
  2 redbacks (D)
  A yak (D)
  Sigmund (D)
  13 hogs (D)
  2 floating eyes (D)
  7 necrophages (D)
  An ogre (D)
  8 jellies (D)
  Ijyb (D)
  3 ballistomycetes (D)
72 creatures vanquished.

Vanquished Creatures (collateral kills)
  A hydra (D)
  7 shining eyes (D)
  5 floating eyes (D)
13 creatures vanquished.

Vanquished Creatures (others)
  A deep elf annihilator (D)
  A merfolk siren (D)
  A gargoyle (D)
  3 hornets (D)
  2 ballistomycete spores (D)
8 creatures vanquished.

Grand Total: 93 creatures vanquished

Notes
Turn   | Place    | Note
-------+----------+-------------------------------------------
     0 | D        | Groucho the Felid Berserker began the quest for the Orb.
     0 | D        | Reached XP level 1. HP: 12/12 MP: 2/2
     2 | D        | Reached skill level 6 in Stealth
     2 | D        | Reached XP level 2. HP: 16/16 MP: 3/3
     2 | D        | Noticed Ijyb
     6 | D        | Killed Ijyb
   464 | D        | Reached skill level 10 in Stealth
   464 | D        | Reached XP level 3. HP: 20/20 MP: 4/4
   464 | D        | Noticed an ogre
   466 | D        | Killed an ogre
   488 | D        | Reached skill level 13 in Stealth
   488 | D        | Reached XP level 4. HP: 24/24 MP: 5/5
   488 | D        | Reached XP level 5. HP: 28/28 MP: 6/6
   488 | D        | Noticed Sigmund
   490 | D        | Killed Sigmund
   490 | D        | Reached ** piety under Trog
   505 | D        | Found an ornate altar of the Wu Jian Council.
   505 | D        | Found a deep blue altar of Sif Muna.
   507 | D        | Found a radiant altar of Vehumet.
   545 | D        | Found Pum Deuny's Gadget Emporium.
   545 | D        | Found an ancient bone altar of Kikubaaqudgha.
   545 | D        | Found a hazy altar of Hepliaklqana.
   545 | D        | Found a stormy altar of Qazlal.
   545 | D        | Found a hide-covered altar of Uskayaw.
   545 | D        | Found a blossoming altar of Fedhas.
   545 | D        | Found a bloodstained altar of Trog.
   545 | D        | Found an iron altar of Okawaru.
   545 | D        | Found a basalt altar of Yredelemnul.
   545 | D        | Found a glowing golden altar of the Shining One.
   545 | D        | Found a snail-covered altar of Cheibriados.
   545 | D        | Found a sacrificial altar of Ru.
   545 | D        | Found a glowing silver altar of Zin.
   545 | D        | Found a shadowy altar of Dithmenos.
   545 | D        | Found a white marble altar of Elyvilon.
   545 | D        | Reached skill level 15 in Stealth
   545 | D        | Noticed a yak
   546 | D        | Found an opulent altar of Gozag.
   547 | D        | Killed a yak
   548 | D        | Found a sparkling altar of Nemelex Xobeh.
   571 | D        | Found a burning altar of Makhleb.
   571 | D        | Found a viscous altar of Jiyva.
   571 | D        | Found a shimmering altar of Xom.
   571 | D        | Found a corrupted altar of Lugonu.
   571 | D        | Reached skill level 16 in Stealth
   571 | D        | Gained mutation: You are covered in thick fur. (AC +2)
                  | [Felid growth]
   571 | D        | Reached XP level 6. HP: 32/32 MP: 7/7
   571 | D        | Noticed a slime creature
   574 | D        | Killed a slime creature
   574 | D        | Reached *** piety under Trog
   611 | D        | Reached skill level 19 in Stealth
   611 | D        | Reached XP level 7. HP: 36/36 MP: 8/8
   611 | D        | Noticed a centaur warrior
   611 | D        | Reached skill level 21 in Stealth
   611 | D        | Reached XP level 8. HP: 40/40 MP: 9/9
   611 | D        | Noticed a centaur warrior
   612 | D        | Killed a centaur warrior
   614 | D        | Killed a centaur warrior
   621 | D        | Noticed a hornet
   624 | D        | Killed a hornet
   637 | D        | Reached skill level 5 in Dodging
   637 | D        | Reached skill level 5 in Unarmed Combat
   637 | D        | Noticed an oklob plant
   645 | D        | Killed an oklob plant
   645 | D        | Reached **** piety under Trog
   678 | D        | Noticed a redback
   686 | D        | HP: 3/63 [poisoned by a redback]
   687 | D        | Noticed a redback
   687 | D        | Killed a redback
   688 | D        | HP: 1/63 [poisoned by a redback]
   689 | D        | Succumbed to a redback's poison
   690 | D        | Reached XP level 7. HP: 0/57 MP: 8/8
   723 | D        | Noticed a meliai
   723 | D        | Reached skill level 5 in Fighting
   723 | D        | Reached skill level 22 in Stealth
   723 | D        | Reached XP level 8. HP: 21/44 MP: 9/9
   723 | D        | Noticed a lorocyproca
   725 | D        | Killed a lorocyproca
  1037 | D        | Killed a gargoyle
  1188 | D        | Noticed a gargoyle
  1226 | D        | Killed a gargoyle
  1229 | D        | Noticed a demonic crawler
  1229 | D        | Reached skill level 10 in Unarmed Combat
  1229 | D        | Reached XP level 9. HP: 24/48 MP: 10/10
  1229 | D        | Noticed a demonic crawler
  1229 | D        | Noticed a demonic crawler
  1229 | D        | Noticed a demonic crawler
  1231 | D        | Killed a demonic crawler
  1234 | D        | Killed a demonic crawler
  1234 | D        | Reached ***** piety under Trog
  1235 | D        | Killed a demonic crawler
  1236 | D        | Noticed a kobold demonologist
  1236 | D        | Noticed a kobold demonologist
  1237 | D        | Killed a demonic crawler
  1240 | D        | Killed a kobold demonologist
  1242 | D        | Killed a kobold demonologist
  1242 | D        | Paralysed by a floating eye for 3 turns
  1590 | D        | Noticed a lindwurm
  1592 | D        | Killed a lindwurm
  1647 | D        | Noticed a deep troll
  1649 | D        | Killed a deep troll
  1661 | D        | Found Rasmon's Armour Emporium.
  1676 | D        | Reached skill level 10 in Dodging
  1676 | D        | Noticed Sonja
  1679 | D        | Killed Sonja
  1679 | D        | Reached ****** piety under Trog
  1695 | D        | Found Otilio's Magic Scroll Boutique.
  1761 | D        | Reached XP level 10. HP: 56/56 MP: 11/11
  1761 | D        | Noticed an unseen horror
  1761 | D        | Reached skill level 23 in Stealth
  1761 | D        | Noticed an unseen horror
  1767 | D        | Killed an unseen horror
  1769 | D        | Killed an unseen horror
  2246 | D        | Found Seicaano's Book Shoppe.
  2246 | D        | Found Ataumot's Antique Weapon Shop.
  2246 | D        | Found Heish's Jewellery Boutique.
  2248 | D        | Found Nyiwkar's Jewellery Emporium.
  2248 | D        | Found Nyah's Assorted Antiques.
  2248 | D        | Found Obliveso's General Store.
  2248 | D        | Found Fuyradwoe's General Store.
  2248 | D        | Found Ajid Tita's Armour Emporium.
  2248 | D        | Found Beossug's Book Shop.
  2248 | D        | Found Sysmaclu's Antique Weapon Shoppe.
  2252 | D        | Found Epeateux's Armour Boutique.
  2253 | D        | Found Loimees's Distillery.
  2253 | D        | Found Fecolit's Book Boutique.
  2254 | D        | Found Meanas's Assorted Antiques.
  2604 | D        | Noticed a 12-headed hydra
  2605 | D        | Slain by a 12-headed hydra
  2606 | D        | Reached XP level 9. HP: -2/53 MP: 10/10
  2612 | D        | Killed a 12-headed hydra
  2703 | D        | Bought an uncursed ring of fire for 275 gold pieces
  2815 | D        | Noticed a shining eye
  2815 | D        | Noticed a shining eye
  2815 | D        | Reached XP level 10. HP: 49/58 MP: 11/11
  2815 | D        | Noticed a shining eye
  2815 | D        | Noticed a shining eye
  2815 | D        | Reached skill level 15 in Unarmed Combat
  2815 | D        | Noticed a shining eye
  2815 | D        | Noticed a shining eye
  2818 | D        | Killed a shining eye
  2818 | D        | Paralysed by a floating eye for 3 turns
  2821 | D        | Killed a shining eye
  2824 | D        | Killed a shining eye
  2824 | D        | Killed a shining eye
  2826 | D        | Paralysed by a floating eye for 3 turns
  2827 | D        | Noticed a shining eye
  2828 | D        | Killed a shining eye
  2829 | D        | Reached skill level 10 in Fighting
  2829 | D        | Noticed a shining eye
  2831 | D        | Killed a shining eye
  2831 | D        | Killed a shining eye
  2834 | D        | Killed a shining eye
  2841 | D        | Found Qyusod's Magic Scroll Shop.
  2841 | D        | Found Fanuyc's Distillery.
  2841 | D        | Found Uthudul's Assorted Antiques.
  2841 | D        | Found Zeni's Magic Scroll Emporium.
  2865 | D        | Bought a glowing scarf for 176 gold pieces
  2883 | D        | Bought a potion of mutation for 96 gold pieces
  2937 | D        | Bought a potion of heal wounds for 70 gold pieces
  2937 | D        | Bought a potion of mutation for 112 gold pieces
  2937 | D        | Gained mutation: You possess an exceptional clarity of
                  | mind. [potion of mutation]
  2938 | D        | Lost mutation: You possess an exceptional clarity of mind.
                  | [potion of mutation]
  2938 | D        | Gained mutation: You tend to lose your temper in combat.
                  | [potion of mutation]
  2938 | D        | Gained mutation: You evolve. [potion of mutation]
  2938 | D        | Gained mutation: Your flesh is cold resistant. (rC+)
                  | [potion of mutation]
  3059 | D        | Reached skill level 24 in Stealth
  3059 | D        | Noticed a shadow dragon
  3063 | D        | Reached XP level 11. HP: 45/51 MP: 12/12
  3063 | D        | Noticed a golden dragon
  3079 | D        | Killed a golden dragon
  3082 | D        | Killed a shadow dragon
  3083 | D        | HP: 3/76 [poisoned by a golden dragon (poison gas)]
  3085 | D        | HP: 1/51 [poisoned by a golden dragon (poison gas)]
  3153 | D        | Found Ditotyam's Gadget Shoppe.
  3216 | D        | Noticed a daeva
  3220 | D        | Noticed an unseen horror
  3220 | D        | Noticed an unseen horror
  3220 | D        | Noticed an unseen horror
  3220 | D        | Noticed an unseen horror
  3222 | D        | Killed an unseen horror
  3223 | D        | Noticed an unseen horror
  3224 | D        | Killed an unseen horror
  3225 | D        | Killed an unseen horror
  3227 | D        | Killed an unseen horror
  3229 | D        | Killed an unseen horror
  3443 | D        | Noticed a fire giant
  3446 | D        | Noticed a fire giant
  3447 | D        | Noticed a fire giant
  3448 | D        | Reached skill level 15 in Dodging
  3448 | D        | Noticed a fire giant
  3450 | D        | Killed a fire giant
  3476 | D        | Killed a fire giant
  3482 | D        | Killed a fire giant
  3486 | D        | Killed a fire giant
  3592 | D        | Noticed a deep elf annihilator
  3631 | D        | Found the ring of Robustness {AC+8}
  3645 | D        | Killed a deep elf annihilator
  3687 | D        | Noticed a mummy priest
  3710 | D        | Gained mutation: Your thick and shaggy fur keeps you warm.
                  | (AC +3, rC+) [Felid growth]
  3710 | D        | Reached XP level 12. HP: 42/72 MP: 13/13
  3712 | D        | Noticed a jiangshi
  3789 | D        | Got out of the dungeon alive.

Skill      XL: |  1  2  3  4  5  6  7  8  9 10 11 |
---------------+----------------------------------+-----
Stealth        | 6 10 13 16 19 22 24 | 24.5
Unarmed Combat | 9 10 12 16 19 | 19.1
Fighting       | 5 6 8 10 12 | 12.4
Dodging        | 7 8 12 13 15 | 15.5

Action                   |  1- 3 |  4- 6 |  7- 9 | 10-12 || total
-------------------------+-------+-------+-------+-------++-------
Melee: Unarmed           |     3 |     4 |    43 |   132 ||   182
       Bite              |       |       |     8 |    10 ||    18
       Punch             |       |       |     2 |    15 ||    17
Invok: Berserk           |     1 |       |     1 |     6 ||     8
       Trog's Hand       |       |       |     2 |     7 ||     9
       Brothers in Arms  |       |       |     7 |     8 ||    15
  Use: Scroll            |       |       |     2 |       ||     2
       Potion            |       |       |     4 |     5 ||     9
 Stab: Sleeping          |     1 |     4 |    15 |    11 ||    31
       Held in net/web   |       |       |     1 |       ||     1
  Eat: Chunk             |     6 |     1 |     5 |    17 ||    29
       Ration            |       |       |       |     5 ||     5
Armor: Skin              |       |       |       |     2 ||     2
Dodge: Dodged            |       |       |    17 |   110 ||   127
